 Dungeon Crawl Stone Soup version 0.19.1 (console) character file.

130 Jesseh the Chiller (level 5, -2/35 HPs)
             Began as a Merfolk Ice Elementalist on Nov 23, 2016.
             Slain by a hound (5 damage)
             ... on level 3 of the Dungeon.
             The game lasted 00:16:02 (3134 turns).

Jesseh the Chiller (Merfolk Ice Elementalist)       Turns: 3134, Time: 00:16:03

Health: -2/35      AC:  2    Str: 12    XL:     5   Next: 13%
Magic:  6/9        EV: 13    Int: 14    God:
Gold:   34         SH:  0    Dex: 15    Spells: 3 memorised, 2 levels left

rFire  . . .     SeeInvis .     d - +1 dagger (speed)
rCold  + . .     Gourm    .     r - +0 robe (curse)
rNeg   . . .     Faith    .     (no shield)
rPois  .         Spirit   .     (no helmet)
rElec  .         Reflect  .     (no cloak)
rCorr  .         Harm     .     (no gloves)
MR     .....                    (no boots)
Stlth  ++........               (no amulet)
                                o - ring of protection from cold
                                j - +3 ring of strength

@: no status effects
A: change form in water, swift swim, stealthy swim
a: no special abilities


You were on level 3 of the Dungeon.
You were not hungry.

You visited 1 branch of the dungeon, and saw 3 of its levels.

You collected 34 gold pieces.

Inventory:

Hand Weapons
 d - a +1 dagger of speed (weapon)
   (You took it off a goblin on level 1 of the Dungeon)
 x - a +2 dagger of venom
   (You took it off a kobold on level 2 of the Dungeon)
 z - a +0 flail of protection
   (You took it off Terence on level 2 of the Dungeon)
Armour
 a - a +0 robe
 f - a +1 robe of cold resistance
   (You found it on level 1 of the Dungeon)
 m - a +0 plate armour
   (You found it on level 1 of the Dungeon)
 r - a cursed +0 robe (worn)
   (You found it on level 1 of the Dungeon)
 v - a +0 chain mail
   (You found it on level 2 of the Dungeon)
 w - a +0 ring mail
   (You found it on level 2 of the Dungeon)
 B - a +0 scale mail
   (You took it off Terence on level 2 of the Dungeon)
 D - a +0 leather armour
   (You found it on level 3 of the Dungeon)
Jewellery
 j - a +3 ring of strength (left hand)
   (You found it on level 1 of the Dungeon)
 k - an uncursed ring of flight
   (You found it on level 1 of the Dungeon)
 o - a ring of protection from cold (right hand)
   (You found it on level 1 of the Dungeon)
 s - an uncursed ring of positive energy
   (You found it on level 1 of the Dungeon)
 u - an uncursed ring of resist corrosion
   (You found it on level 1 of the Dungeon)
Wands
 q - a wand of confusion (20/48)
   (You found it on level 3 of the Dungeon)
 A - a wand of slowing (18/48)
   (You took it off Terence on level 2 of the Dungeon)
Scrolls
 e - 2 scrolls of enchant weapon {unknown}
 h - 4 scrolls of identify {unknown}
 l - 2 scrolls of teleportation {unknown}
 p - 2 scrolls of enchant armour {unknown}
 t - a scroll of immolation {unknown}
 y - a scroll of noise {unknown}
Potions
 n - a potion of agility {unknown}
Books
 b - a book of Frost
Comestibles
 c - 3 bread rations
 g - 3 meat rations
 i - a slice of pizza
 C - 2 chunks of flesh


   Skills:
 + Level 2.6 Dodging
 - Level 2.1 Stealth
 - Level 3.0 Spellcasting
   Level 0.7 Conjurations
 + Level 3.0 Charms
 + Level 0.0 Summonings
 - Level 4.4 Ice Magic


You had 2 spell levels left.
You knew the following spells:

 Your Spells              Type           Power        Failure   Level  Hunger
a - Freeze                Ice            ##..         3%          1    #......
b - Ozocubu's Armour      Chrm/Ice       ##......     17%         3    ###....
c - Summon Ice Beast      Ice/Summ       #.......     89%         4    #####..


Dungeon Overview and Level Annotations

Branches:
Dungeon (3/15)

Altars:
Elyvilon

Annotations:
D:3 Grinder


Message History

The goblin shoots a sling bullet.
The sling bullet hits you.
There is a stone staircase leading up here.
The goblin shoots a sling bullet.
The sling bullet barely misses you.
You see here a sling bullet.
The goblin shoots a sling bullet.
The sling bullet hits you.
You see here a sling bullet.
The goblin shoots a sling bullet.
The sling bullet barely misses you.
The goblin unwields an uncursed hunting sling.
The goblin wields an uncursed club.
The goblin misses you.
Aim: a goblin, wielding a club You freeze the goblin.
The goblin hits you but does no damage.
Aim: a goblin, wielding a club (moderately wounded)
You freeze the goblin.
You kill the goblin!
Your Charms skill increases to level 3!
Items here: ( )) † an uncursed club; an uncursed hunting sling; 15 sling bullets; a goblin corpse You butcher the goblin corpse.
C - 3 chunks of flesh (gained 2)
Items here: ( )) ÷ an uncursed club; an uncursed hunting sling; 15 sling bullets a goblin skeleton This spell is very dangerous to cast!
Memorise Summon Ice Beast, consuming 4 spell levels and leaving 2?
You start memorising the spell.
You continue memorising. x4
You finish memorising.
Spell assigned to 'c'.
You see here a sling bullet.
Some of the chunks of flesh in your inventory have rotted away.
Things that are here:
a sling bullet; 5 stones; a club 2 gnolls come into view.
Items here: ( )) ÷ an uncursed club; an uncursed hunting sling; 15 sling bullets a goblin skeleton
There is an open door here.
You now have 34 gold pieces (gained 8).
There is an escape hatch in the floor here.
You open the door.
There is an open door here.
A bat comes into view.
The bat misses you. The bat closely misses you. The bat completely misses you.
The bat hits you but does no damage. The bat misses you.
Aim: a bat You freeze the bat.
The bat hits you but does no damage. The bat barely misses you.
The bat barely misses you.
You closely miss the bat. The bat completely misses you.
The bat hits you but does no damage. The bat barely misses you.
You hit the bat.
You kill the bat!
Found a stone staircase leading up.
A leather armour.
The floor.
You see here a leather armour.
D - a leather armour Eating one of 2 chunks of flesh.
You start eating one of the 2 chunks of flesh.
You are feeling hungry.
A bat comes into view.
Aim: a bat (resting)
You freeze the bat.
You kill the bat!
You see here a bat corpse.
You butcher the bat corpse.
C - 2 chunks of flesh (gained 1)
You see here a bat skeleton.
A bat comes into view.
A hound comes into view.
The hound barks!
You hear a shout!
The hound barely misses you.
You barely miss the hound. The hound bites you.
You closely miss the hound. The bat barely misses you.
You hit the hound. The bat hits you. The hound bites you. x2
Aim: a bat You freeze the bat.
The bat hits you. The hound bites you.
Aim: a hound (lightly wounded)
You freeze the hound. The bat hits you but does no damage.
The hound closely misses you. The bat misses you. The hound bites you.
Aim: a hound (lightly wounded)
You freeze the hound. The bat closely misses you. The hound bites you.
* * * LOW HITPOINT WARNING * * *
A goblin comes into view.
Aim: a hound (heavily wounded)
You freeze the hound.
The goblin shouts!
The hound bites you.
* * * LOW HITPOINT WARNING * * *
The bat hits you but does no damage. The hound bites you.
* * * LOW HITPOINT WARNING * * *
The bat barely misses you. The bat misses you. The bat closely misses you.
The bat hits you but does no damage. The bat barely misses you.
The bat barely misses you. The goblin hits you.
* * * LOW HITPOINT WARNING * * *
The bat barely misses you. The hound bites you.
You die...

▒...▒ ....... ...
▒...▒ ▒...▒▒.▒▒▒▒
. ▒▒▒.▒
▒.........▒.▒▒ .▒
▒...▒......... ▒
▒........▒..▒
▒...........▒
▒▒▒.g......▒
▒hb....▒▒▒▒.
▒.m....▒ ▒.▒▒▒▒▒▒▒
▒▒.....▒ ▒.......▒
▒▒▒.▒▒▒ ▒...▒...▒
▒.▒ ▒...▒...▒
▒▒▒.▒▒▒▒▒▒.......▒
▒.....(..▒.......▒
▒........▒.......'
▒........▒.......▒
▒........▒.......▒


You could see a hound, a goblin and a bat.

Vanquished Creatures
  Terence (D:2)
  A gnoll (D:2)
  2 adders (D:2)
  3 oozes
  2 worms (D:2)
  3 dart slugs
  A leopard gecko (D:1)
  3 giant cockroaches
  4 goblins
  6 hobgoblins
  5 jackals (D:2)
  A ball python (D:1)
  4 bats
  5 frilled lizards
  11 kobolds
  4 rats
56 creatures vanquished.

Notes
Turn   | Place    | Note
-------+----------+-------------------------------------------
     0 | D:1      | Jesseh the Merfolk Ice Elementalist began the quest for the Orb.
     0 | D:1      | Reached XP level 1. HP: 13/13 MP: 3/3
   315 | D:1      | Reached XP level 2. HP: 19/19 MP: 3/5
   731 | D:1      | Reached XP level 3. HP: 24/24 MP: 7/7
  1122 | D:1      | Reached skill level 4 in Ice Magic
  1127 | D:1      | Learned a level 3 spell: Ozocubu's Armour
  1445 | D:2      | Reached skill level 1 in Charms
  1659 | D:2      | Reached skill level 3 in Spellcasting
  1659 | D:2      | Reached XP level 4. HP: 30/30 MP: 4/8
  1678 | D:2      | HP: 6/30 [worm (8)]
  1886 | D:2      | Reached skill level 2 in Charms
  1907 | D:2      | You fall through a shaft!
  1907 | D:3      | Found a white marble altar of Elyvilon.
  1926 | D:3      | Noticed Grinder
  2619 | D:3      | Noticed Terence
  2641 | D:3      | HP: 6/30 [Terence/flail of protection (7)]
  2655 | D:3      | HP: 6/30 [Terence/flail of protection (2)]
  2663 | D:2      | Killed Terence
  2663 | D:2      | Reached XP level 5. HP: 9/35 MP: 5/9
  2942 | D:3      | Reached skill level 3 in Charms
  2951 | D:3      | Learned a level 4 spell: Summon Ice Beast
  3128 | D:3      | HP: 8/35 [hound (5)]
  3133 | D:3      | HP: 2/35 [goblin (3)]
  3134 | D:3      | Slain by a hound

Skill      XL: |  1  2  3  4  5 |
---------------+----------------+-----
Ice Magic      | 4 |  4.4
Charms         | 1 2 3 |  3.0
Spellcasting   | 3 |  3.0
Dodging        | |  2.6
Stealth        | |  2.1
Conjurations   | |  0.7

Action                   |  1- 3 |  4- 6 || total
-------------------------+-------+-------++-------
Melee: Dagger            |   101 |    57 ||   158
       Unarmed           |     2 |       ||     2
 Cast: Freeze            |    26 |    48 ||    74
  Use: Potion            |     2 |       ||     2
 Stab: Sleeping          |     3 |     1 ||     4
  Eat: Chunk             |     3 |     5 ||     8
Armor: Robe              |    10 |     7 ||    17
Dodge: Dodged            |    67 |    65 ||   132

Vault maps used:
D:1:      zelgadis_glass_arrival_small
D:3:      elyvilon_altar_4, kennysheep_okawaru_gauntlet, uniq_grinder,
          uniq_terence

Table legend:
 A = Turns spent in this place as a percentage of turns spent in the entire game.
 B = Non-inter-level travel turns spent in this place as a percentage of non-inter-level travel turns spent in the entire game.
 C = Inter-level travel turns spent in this place as a percentage of turns spent in this place.
 D = Turns resting spent in this place as a percentage of non-inter-level travel turns spent in this place.
 E = Turns spent auto-exploring this place as a percentage of non-inter-level travel turns spent in this place.
 F = Non-inter-level travel turns spent in this place divided by the number of levels of this place that you've seen.
                   A       B       C       D       E      F
               +-------+-------+-------+-------+-------+----------------------
         Total | 100.0 | 100.0 |   0.5 |   1.7 |   7.3 | 255.7
       Dungeon | 100.0 | 100.0 |   0.5 |   1.7 |   7.3 | 255.7
               +-------+-------+-------+-------+-------+----------------------

Table legend:
 A = Kills in this place as a percentage of kills in entire the game.
 B = Kills by you in this place as a percentage of kills by you in the entire game.
 C = Kills by friends in this place as a percentage of kills by friends in the entire game.
 D = Other kills in this place as a percentage of other kills in the entire game.
 E = Experience gained in this place as a percentage of experience gained in the entire game.
 F = Experience gained in this place divided by the number of levels of this place that you have seen.
                   A       B       C       D       E      F
               +-------+-------+-------+-------+-------+----------------------
         Total | 100.0 | 100.0 |  -nan |  -nan | 100.0 |  62.0
       Dungeon | 100.0 | 100.0 |  -nan |  -nan | 100.0 |  62.0
               +-------+-------+-------+-------+-------+----------------------
